Map: Korhal Carnage Knockout LE

Players

Blechfaust - Winner!

  • Race: Terran Terran
  • League: Gold

Heathcliph

  • Race: Zerg Zerg
  • League: Gold

VOD

Have the link to the VOD?

Description

Time

  • Played on: April 9, 2016, 12:56 p.m.
  • Length: 7:42
Show
View Real Time Build Order
Export as new Build Order

Blechfaust Terran - Winner!

Build Orders: MMM Bio 

Get SALT Encoding   

  12  0:00  SCV  
  13  0:13  SCV  
  14  0:17  Supply Depot  
  14  0:25  SCV  
  15  0:39  SCV  
  15  0:40  Barracks  
  16  0:44  Refinery  
  16  0:51  SCV  
  17  1:03  SCV  
  18  1:04  Barracks  
  18  1:15  SCV  
  19  1:27  Marine  
  19  1:31  Orbital Command  
  20  1:36  Refinery  
  20  1:45  Supply Depot  
  20  1:51  Barracks Tech Lab  
  20  1:53  Barracks Reactor  
  20  1:57  SCV  
  21  2:17  Engineering Bay  
  21  2:19  Combat Shields  
  21  2:20  Marine  
  22  2:27  SCV  
  23  2:30  Marine  
  23  2:36  Marine  
  25  2:39  SCV  
  26  2:44  Terran Infantry Weapons Level 1  
  26  2:49  Factory  
  26  2:51  SCV  
  27  3:03  SCV  
  28  3:12  Marine x2  
  30  3:30  Marine  
  31  3:34  Supply Depot  
  31  3:40  Supply Depot  
  31  3:41  Starport  
  31  3:44  Stimpack  
  31  3:55  Marine x2  
  31  3:56  Marauder  
  31  3:58  Supply Depot  
  35  4:13  Marine x2  
  37  4:17  Medivac, Marauder  
  41  4:24  Supply Depot  
  41  4:26  Supply Depot  
  41  4:31  Marine x2  
  43  4:38  Terran Infantry Armor Level 1  
  43  4:39  Marauder  
  45  4:47  Medivac  
  45  4:49  Marine  
  48  4:53  Supply Depot  
  48  4:57  Supply Depot  
  48  5:01  Marauder  
  50  5:07  Marine x2  
  52  5:17  Medivac  
  52  5:20  Supply Depot  
  54  5:22  Marauder  
  54  5:25  Marine x2  
  58  5:28  Supply Depot  
  58  5:42  Marine  
  58  5:43  Marine  
  58  5:44  Marauder  
  58  5:47  Medivac  
  58  5:48  Concussive Shells  
  64  6:12  Marine  
  64  6:13  Marauder, Marine  
  64  6:16  Medivac  
  70  6:19  SCV  
  71  6:30  Marine x2  
  73  6:35  Marauder  
  75  6:51  Marine x2  
  75  6:52  Medivac  
  79  6:56  Marauder  
  79  7:00  Command Center  
  81  7:09  Marine x2  
  81  7:10  Barracks  
Show
View Real Time Build Order
Export as new Build Order

Heathcliph Zerg 

Build Orders: 3 Hatch before Pool 

Get SALT Encoding   

  12  0:03  Drone  
  13  0:16  Drone  
  14  0:44  Hatchery  
  14  0:48  Drone  
  14  0:50  Overlord  
  14  1:18  Drone x3  
  17  1:28  Extractor  
  16  1:36  Hatchery  
  15  1:43  Drone x2  
  17  1:54  Spawning Pool  
  17  1:56  Drone x2  
  18  2:05  Drone  
  19  2:10  Drone  
  20  2:43  Queen x2  
  24  2:45  Zergling x2  
  24  2:46  Zergling x6  
  24  2:48  Overlord  
  28  2:55  Metabolic Boost  
  28  3:16  Overlord x2  
  28  3:21  Drone x4  
  32  3:28  Zergling x4  
  34  3:37  Zergling x4  
  34  3:38  Zergling x4  
  38  3:45  Queen  
  40  4:11  Drone x9  
  40  4:12  Drone  
  40  4:15  Extractor  
  49  4:18  Extractor  
  49  4:20  Overlord x2  
  48  4:26  Drone  
  48  4:27  Drone  
  50  4:44  Drone x4  
  54  4:47  Drone x8  
  61  4:55  Lair  
  61  4:58  Drone x3  
  64  5:35  Drone x2  
  66  5:36  Overlord x2  
  66  5:37  Overlord x3  
  66  5:48  Hatchery  
  66  5:49  Drone  
  66  5:52  Extractor  
  66  5:53  Extractor  
  66  5:56  Evolution Chamber  
  63  5:59  Evolution Chamber, Spire, Drone x8  
  69  6:30  Zergling x2  
  69  6:31  Zergling x16  
  77  6:47  Zergling x24  
  81  7:02  Zergling x2  
  81  7:03  Zergling x6  
  85  7:11  Mutalisk x4  
  95  7:17  Mutalisk x2  
Tags
 
Add a new tag
Caveats
  • Supply blocks, unpowered buildings, or Contaminate may cause inaccurate times.
  • Supply counts are checked every 10 seconds.